[Event "Titled Tuesday Blitz March 14 Late 2023"]
[White "Mazurkiewicz, Michal"]
[Black "Nazari, Arad"]
[WhiteFideId "1124943"]
[BlackFideId "12577324"]
[WhiteElo "2054"]
[BlackElo "2313"]
[Result "0-1"]
[Round "03"]
[TimeControl "180+1"]
[Date "2023.03.14"]
[WhiteClock "0:00:10"]
[BlackClock "0:00:06"]

1. e4 c5 2. Nf3 d6 3. g3 Nf6 4. d3 g6 5. Bg2 Bg7 6. O-O O-O 7. Re1 Nc6 8. e5 dxe5 9. Nxe5 Nxe5 10. Rxe5 Nd7 11. Re1 e6 12. Nd2 Rb8 13. a4 b6 14. Nc4 Qc7 15. Qe2 Re8 16. h4 Ba6 17. h5 Bxc4 18. dxc4 Rbd8 19. c3 Qe5 20. Bc6 Qc7 21. Bg2 Qe5 22. Bc6 Qd6 23. Bg2 Nf6 24. h6 Bh8 25. Bg5 Qd3 26. Qe5 Qf5 27. f4 Rd2 28. Qxf5 gxf5 29. Rad1 Red8 30. Bf3 Rxd1 31. Rxd1 Rxd1+ 32. Bxd1 Ne4 33. Bd8 Nxg3 34. Bc7 Bf6 35. Bb8 Bd8 36. Bxa7 Ne4 37. Bf3 Nd2 38. Be2 Bc7 39. a5 bxa5 40. Bxc5 Bxf4 41. b4 a4 42. b5 Ne4 43. Bb4 Bc1 44. b6 Be3+ 45. Kg2 Bxb6 46. Bd1 Be3 47. Bxa4 Bxh6 48. c5 Bf4 49. c6 Bc7 50. Be7 Nxc3 51. Kf3 Nxa4 52. Ke3 Nb6 53. Kd4 Nd5 54. Kc5 Nxe7 55. Kb5 h5 56. Ka6 Nxc6 57. Kb7 Nb4 58. Kxc7 h4 59. Kd6 h3 0-1


[Site "https://www.chess.com"]

[Event "Titled Tuesday Blitz March 14 Late 2023"]
[White "Meunier-Pion, Jean"]
[Black "Ardila, Oscar Humberto"]
[WhiteFideId "20685327"]
[BlackFideId "4404742"]
[WhiteElo "2124"]
[BlackElo "1911"]
[Result "1/2-1/2"]
[Round "03"]
[TimeControl "180+1"]
[Date "2023.03.14"]
[WhiteClock "0:00:06"]
[BlackClock "0:00:08"]

1. d4 Nf6 2. c4 e6 3. g3 Be7 4. Bg2 a6 5. Nc3 O-O 6. Nf3 d5 7. O-O c6 8. Qc2 Nbd7 9. c5 Re8 10. Bf4 Nf8 11. Rfd1 Ng6 12. Be5 Nd7 13. e4 Ndxe5 14. dxe5 Qa5 15. exd5 exd5 16. Na4 Bg4 17. a3 Rad8 18. b4 Qc7 19. Re1 Qc8 20. Nb6 Qf5 21. Nd4 Qxc2 22. Nxc2 Bf8 23. f4 f6 24. exf6 gxf6 25. Nd4 a5 26. h3 Bc8 27. Kf2 Kf7 28. Bf3 Bxh3 29. f5 Ne5 30. Rh1 Bg4 31. Rxh7+ Bg7 32. Ne6 Rxe6 33. fxe6+ Bxe6 34. Rhh1 f5 35. Rae1 Nd3+ 36. Ke3 Nxe1 37. Rxe1 axb4 38. axb4 Bc3 39. Rb1 d4+ 40. Kd3 Rg8 41. Rg1 f4 42. g4 Kf6 43. Nc4 Rh8 44. Nd2 Rh3 45. Ne4+ Kg7 46. Ng5 Rxf3+ 47. Nxf3 Bd5 48. Ne5 Kf6 49. Nc4 Kg5 50. Nd6 f3 51. Nxb7 Kf4 52. g5 f2 53. Rf1 Kg3 54. g6 Kg2 55. Rc1 f1=Q+ 56. Rxf1 Kxf1 57. Nd8 Bxb4 58. g7 Bxc5 59. Nxc6 Bg8 60. Nxd4 Bxd4 61. Kxd4 Kf2 62. Ke5 Kg3 63. Kf6 Kh4 64. Ke7 Kh5 65. Kf8 Bc4 66. Ke7 Kh6 67. Kf8 Kh7 68. g8=Q+ Bxg8 1/2-1/2


[Site "https://www.chess.com"]

[Event "Titled Tuesday Blitz March 14 Late 2023"]
[White "Michalski, Olaf"]
[Black "Pham, Khoi"]
[WhiteFideId "1106740"]
[BlackFideId "1054988"]
[WhiteElo "2173"]
[BlackElo "2541"]
[Result "0-1"]
[Round "03"]
[TimeControl "180+1"]
[Date "2023.03.14"]
[WhiteClock "0:00:02"]
[BlackClock "0:01:01"]

1. d4 f5 2. g3 Nf6 3. Bg2 g6 4. c3 Bg7 5. Qb3 c6 6. Nd2 e6 7. Nh3 O-O 8. O-O Kh8 9. e4 fxe4 10. Nxe4 Nxe4 11. Bxe4 d5 12. Bg2 e5 13. dxe5 Bxe5 14. Bh6 Bg7 15. Bxg7+ Kxg7 16. Nf4 Qf6 17. Rae1 Na6 18. h4 Nc5 19. Qb4 b6 20. c4 d4 21. Qd2 Bf5 22. b4 Ne6 23. Nxe6+ Bxe6 24. Bxc6 Bxc4 25. b5 Bxf1 26. Rxf1 Rad8 27. Re1 d3 28. Re3 Qf5 29. Kg2 Rf7 30. Qc3+ Qf6 31. Qd2 Qd4 32. Re4 Rxf2+ 33. Qxf2 Qxf2+ 34. Kxf2 d2 35. Re7+ Kf6 0-1


[Site "https://www.chess.com"]

[Event "Titled Tuesday Blitz March 14 Late 2023"]
[White "Mirimanian, Hayk"]
[Black "Svane, Rasmus"]
[WhiteFideId "4700180"]
[BlackFideId "4657101"]
[WhiteElo "2280"]
[BlackElo "2597"]
[Result "0-1"]
[Round "03"]
[TimeControl "180+1"]
[Date "2023.03.14"]
[WhiteClock "0:00:08"]
[BlackClock "0:01:11"]

1. e4 c6 2. Nf3 d5 3. Nc3 dxe4 4. Nxe4 Nf6 5. Nxf6+ exf6 6. d4 Bd6 7. Bd3 O-O 8. O-O Re8 9. h3 Nd7 10. c4 Nf8 11. Qc2 Ng6 12. Bd2 Be6 13. Rfe1 Qd7 14. Bf1 Bf5 15. Qb3 h6 16. g4 Be6 17. Kh1 Bc7 18. Rad1 h5 19. gxh5 Bxh3 20. hxg6 Bxf1 21. Rxf1 Qh3+ 22. Kg1 Qg4+ 23. Kh1 Qh5+ 24. Kg1 Qxg6+ 25. Kh1 Qh5+ 26. Kg1 Re4 27. Ne5 Bxe5 28. dxe5 Rg4+ 29. Qg3 Rxg3+ 30. fxg3 Qxe5 31. Bf4 Qxb2 32. Rd7 Re8 33. Rf2 Re1+ 34. Kg2 Re2 35. Rxe2 Qxe2+ 36. Kg1 Qxc4 37. Rxb7 Qxa2 0-1


[Site "https://www.chess.com"]

[Event "Titled Tuesday Blitz March 14 Late 2023"]
[White "Miszler, Levente"]
[Black "Saveliev, Alexei"]
[WhiteFideId "763276"]
[BlackFideId "24128546"]
[WhiteElo "2176"]
[BlackElo "2271"]
[Result "1-0"]
[Round "03"]
[TimeControl "180+1"]
[Date "2023.03.14"]
[WhiteClock "0:00:06"]
[BlackClock "0:00:02"]

1. Nf3 g6 2. c4 Bg7 3. g3 d6 4. Bg2 c5 5. O-O Nc6 6. Nc3 e5 7. Ne1 f5 8. Nc2 Nf6 9. Ne3 Be6 10. Ned5 Nd7 11. a3 O-O 12. d3 g5 13. Rb1 f4 14. b4 Nd4 15. Ne4 Bxd5 16. cxd5 g4 17. bxc5 Nxc5 18. Nxc5 dxc5 19. Rxb7 f3 20. exf3 gxf3 21. Bh3 Qxd5 22. Rd7 Qc6 23. Qd2 Rad8 24. Rxa7 h6 25. Qa5 Ne2+ 26. Kh1 Rxd3 27. Be3 c4 28. Rc7 Qe4 29. Be6+ Kh8 30. Qa7 Qg6 31. Bxc4 Rc3 32. Bf7 Rxc7 33. Bxg6 Rxa7 34. Bxa7 Nd4 35. Be4 Rf7 36. Bc5 Rc7 37. Bxd4 exd4 38. Bxf3 Rc3 39. Be4 Rxa3 40. Rd1 Bf6 41. Kg2 Kg7 42. h3 Ra2 43. Kf3 Ra3+ 44. Bd3 Kf7 45. Ke4 Ra7 46. f4 Re7+ 47. Kf5 Rc7 48. g4 Rc5+ 49. Ke4 Rc7 50. Rb1 Re7+ 51. Kf5 Re3 52. Bc4+ Kg7 53. Rb7+ Be7 54. g5 hxg5 55. fxg5 Kf8 56. Rb8+ Kg7 57. Rg8+ Kh7 58. g6+ Kh6 59. Rh8+ Kg7 60. Rh7+ Kf8 61. Rf7+ Ke8 62. Bb5+ Kd8 63. g7 Rg3 64. Rf8+ Kc7 65. g8=Q Rf3+ 66. Ke6 Rxf8 67. Qg3+ Kb6 68. Kxe7 Rc8 69. Qd6+ Kxb5 70. Qxd4 Rc7+ 71. Ke6 Rc6+ 72. Ke5 Rh6 73. Qd5+ Kb6 74. Qf3 Rh4 75. Qg3 Rh5+ 76. Kf4 Rh8 77. h4 Kc6 78. Qg5 Kd7 79. h5 Ke8 80. h6 Rf8+ 81. Kg4 Kf7 82. Kh5 Rg8 83. Qf5+ Ke8 84. h7 Rh8 85. Kh6 Ke7 86. Kg7 Rd8 87. h8=Q Rd7 88. Qhf8# 1-0


[Site "https://www.chess.com"]

[Event "Titled Tuesday Blitz March 14 Late 2023"]
[White "Naroditsky, Daniel"]
[Black "Galchenko, Matvey"]
[WhiteFideId "2026961"]
[BlackFideId "24175480"]
[WhiteElo "2633"]
[BlackElo "2404"]
[Result "1/2-1/2"]
[Round "03"]
[TimeControl "180+1"]
[Date "2023.03.14"]
[WhiteClock "0:00:39"]
[BlackClock "0:01:00"]

1. d4 Nf6 2. Nc3 d5 3. Bf4 c5 4. e4 Nxe4 5. Nxe4 dxe4 6. dxc5 Qa5+ 7. c3 Qxc5 8. Qa4+ Nc6 9. Qxe4 g6 10. Nf3 Bg7 11. Qc4 Qxc4 12. Bxc4 O-O 13. O-O-O Bg4 14. h3 Bxf3 15. gxf3 Rad8 16. Be3 e6 17. a4 Rc8 18. Bb5 a6 19. Bxc6 Rxc6 20. Rd7 Rc4 21. Rxb7 Rxa4 22. Kc2 h5 23. Rd1 Rh4 24. Rdd7 Rxh3 25. Bc5 Rc8 26. Rxf7 Bxc3 27. bxc3 Rxc5 28. Rg7+ Kh8 29. Rgf7 Kg8 30. Rg7+ Kh8 31. Rh7+ Kg8 32. Rbg7+ Kf8 33. Rb7 Kg8 34. Rhg7+ 1/2-1/2


[Site "https://www.chess.com"]

[Event "Titled Tuesday Blitz March 14 Late 2023"]
[White "Oro, Faustino"]
[Black "Kozak, Adam"]
[WhiteFideId "20000197"]
[BlackFideId "753246"]
[WhiteElo "1984"]
[BlackElo "2469"]
[Result "1-0"]
[Round "03"]
[TimeControl "180+1"]
[Date "2023.03.14"]
[WhiteClock "0:00:09"]
[BlackClock "0:00:01"]

1. e4 c5 2. Nf3 Nf6 3. e5 Nd5 4. Nc3 Nxc3 5. dxc3 Nc6 6. Bf4 e6 7. Qd2 Qc7 8. Bd3 a6 9. O-O h6 10. Bg3 b5 11. Rad1 Bb7 12. Qe2 Be7 13. Rfe1 g5 14. Be4 h5 15. h4 g4 16. Nh2 O-O-O 17. Qe3 c4 18. Rd2 d5 19. exd6 Bxd6 20. Rxd6 Rxd6 21. Bxd6 Qxd6 22. Nf1 Ne7 23. Bxb7+ Kxb7 24. Ng3 Nd5 25. Qd4 Rc8 26. Nxh5 Qb6 27. Qxg4 Rd8 28. Qf3 Qc7 29. Ng3 Kb8 30. Ne4 Nf4 31. g3 Ng6 32. Kg2 Ne5 33. Qf4 Rd5 34. Nf6 Rc5 35. Rxe5 1-0


[Site "https://www.chess.com"]

[Event "Titled Tuesday Blitz March 14 Late 2023"]
[White "Osmak, Yuliia"]
[Black "Zakhartsov, Vladimir"]
[WhiteFideId "14101602"]
[BlackFideId "4145097"]
[WhiteElo "2271"]
[BlackElo "2521"]
[Result "1-0"]
[Round "03"]
[TimeControl "180+1"]
[Date "2023.03.14"]
[WhiteClock "0:00:27"]
[BlackClock "0:00:13"]

1. d4 Nf6 2. Bf4 c5 3. e3 b6 4. Nf3 Bb7 5. c3 g6 6. Bd3 d6 7. O-O Nh5 8. Bg5 h6 9. Bh4 g5 10. Nfd2 Nf6 11. Bg3 Nbd7 12. e4 h5 13. h3 h4 14. Bh2 cxd4 15. cxd4 Nh5 16. Nc3 Bg7 17. Nf3 e5 18. dxe5 dxe5 19. Bb5 Nf4 20. Nxg5 O-O 21. Bxf4 exf4 22. Qh5 Nf6 23. Qxh4 f3 24. e5 Re8 25. exf6 Qxf6 26. Nxf3 Qg6 27. Bxe8 Rxe8 28. Qg3 Qc2 29. Rfe1 Rc8 30. Re2 Qf5 31. Rae1 Bc6 32. Ne5 Bb7 33. Ng4 Kh7 34. Qh4+ Kg6 35. Ne5+ Bxe5 36. Rxe5 1-0


[Site "https://www.chess.com"]

[Event "Titled Tuesday Blitz March 14 Late 2023"]
[White "Osuna Vega, Enrique"]
[Black "Liu, Yi"]
[WhiteFideId "2219549"]
[BlackFideId "3210588"]
[WhiteElo "2149"]
[BlackElo "2264"]
[Result "1-0"]
[Round "03"]
[TimeControl "180+1"]
[Date "2023.03.14"]
[WhiteClock "0:01:37"]
[BlackClock "0:01:43"]

1. e4 c5 2. Nf3 e6 3. d4 cxd4 4. Nxd4 Nf6 5. Nc3 Nc6 6. Ndb5 d6 7. Bf4 e5 8. Bg5 a6 9. Bxf6 gxf6 10. Na3 b5 11. Nd5 Be6 12. c3 Bh6 13. Qh5 Bg7 14. Nc2 Ne7 15. Nce3 Rc8 16. a4 Qa5 17. b4 Qd8 18. axb5 axb5 19. Bxb5+ Bd7 20. Bxd7+ Kxd7 21. Ra7+ 1-0


[Site "https://www.chess.com"]

[Event "Titled Tuesday Blitz March 14 Late 2023"]
[White "Ozates, Tuna"]
[Black "Bernat, David"]
[WhiteFideId "6354521"]
[BlackFideId "2099225"]
[WhiteElo "2151"]
[BlackElo "2471"]
[Result "1-0"]
[Round "03"]
[TimeControl "180+1"]
[Date "2023.03.14"]
[WhiteClock "0:01:52"]
[BlackClock "0:01:56"]

1. d4 d5 2. c4 e5 3. dxe5 d4 4. Nf3 Nc6 5. g3 Nge7 6. Bg2 Ng6 7. O-O Ngxe5 8. Nxe5 Nxe5 9. b4 Nxc4 10. Na3 Nxa3 11. Bxa3 a5 12. Rb1 axb4 13. Bxb4 Bxb4 14. Rxb4 c5 15. Ra4 Rxa4 16. Qxa4+ Bd7 17. Qb3 O-O 18. Qxb7 Be6 19. a4 Qa5 20. Qb5 Qxb5 21. axb5 Rb8 22. Rb1 Bc4 23. b6 Bxe2 24. b7 g5 25. Ra1 Rxb7 26. Bxb7 c4 27. Ba6 1-0


[Site "https://www.chess.com"]

[Event "Titled Tuesday Blitz March 14 Late 2023"]
[White "Ozen, Bahadir"]
[Black "Mendez Fortes, Eduardo Jesus"]
[WhiteFideId "6337058"]
[BlackFideId "3502376"]
[WhiteElo "2503"]
[BlackElo "2307"]
[Result "1-0"]
[Round "03"]
[TimeControl "180+1"]
[Date "2023.03.14"]
[WhiteClock "0:00:03"]
[BlackClock "0:00:01"]

1. d4 Nf6 2. Nf3 d5 3. c4 e6 4. Nc3 Bb4 5. Bg5 dxc4 6. e4 c5 7. Bxc4 cxd4 8. Nxd4 Qa5 9. Bb5+ Bd7 10. Bxf6 Bxc3+ 11. bxc3 gxf6 12. Bxd7+ Nxd7 13. O-O Ke7 14. Rb1 Nc5 15. Rxb7+ Kf8 16. Nb3 Nxb3 17. Qd6+ Kg7 18. Qxe6 Rhf8 19. Qxb3 Qe5 20. Re1 Rac8 21. Rxa7 Rxc3 22. Qd1 Qc5 23. Rd7 Rc2 24. Rd2 Rc3 25. Qg4+ Kh8 26. Qh4 Qe7 27. h3 Rg8 28. e5 Rg6 29. Rde2 Qb7 30. Qe4 Qc8 31. exf6 Rg8 32. Re3 Rc4 33. Qf3 Rc5 34. g4 Rcg5 35. Kh1 h5 36. Re5 Qc7 37. Rxg5 Rxg5 38. Re8+ Kh7 39. Qe4+ Rg6 40. gxh5 Qc1+ 41. Qe1 Qc6+ 42. Re4 Rxf6 43. Kg1 Rf5 44. Qe2 Rg5+ 45. Rg4 Qc1+ 46. Kg2 Qc6+ 47. Qf3 Rd5 48. Rf4 Rg5+ 49. Rg4 Rxg4+ 50. hxg4 Qe6 51. Kg3 Kg7 52. Qf5 Qxa2 53. Qf3 Kh7 54. Qf4 Kg7 55. Qg5+ Kh8 56. h6 Qb2 57. Qd8+ Kh7 58. Qd6 Qc3+ 59. Kg2 Qb2 60. Qf4 Qb7+ 61. Kg3 Qd5 62. g5 Kg6 63. Qf6+ Kh5 64. f3 1-0


[Site "https://www.chess.com"]

[Event "Titled Tuesday Blitz March 14 Late 2023"]
[White "Ozer, Omer Faruk"]
[Black "Harris, Ian"]
[WhiteFideId "6354564"]
[BlackFideId "2020092"]
[WhiteElo "2260"]
[BlackElo "2310"]
[Result "1-0"]
[Round "03"]
[TimeControl "180+1"]
[Date "2023.03.14"]
[WhiteClock "0:00:06"]
[BlackClock "0:00:17"]

1. d4 d5 2. c4 e6 3. Nc3 Nf6 4. Bg5 Bb4 5. cxd5 exd5 6. e3 O-O 7. Bd3 c6 8. Ne2 Re8 9. O-O Bd6 10. Bf4 a5 11. Qd2 Bxf4 12. Nxf4 Nbd7 13. Rae1 Nf8 14. Bb1 Ng6 15. Nd3 Qd6 16. f3 Bf5 17. Rf2 Bxd3 18. Bxd3 Re7 19. Na4 Qb4 20. Qd1 Rae8 21. a3 Qd6 22. Rfe2 b5 23. Nc5 a4 24. Qc1 Nd7 25. Rc2 Nb6 26. Qd2 Nc4 27. Bxc4 dxc4 28. e4 f5 29. Qf2 fxe4 30. Nxe4 Qd5 31. Rce2 Kf7 32. h4 Nf4 33. Ng5+ Qxg5 34. hxg5 Rxe2 35. Rxe2 Rxe2 36. Qh4 Ne6 37. Qxh7 Rxb2 38. Qf5+ Ke7 39. d5 cxd5 40. Qxd5 c3 41. Qb7+ Kd6 42. Qb6+ Kd5 43. Qb7+ Kd6 44. Qb8+ Kd5 45. f4 c2 46. Qe5+ Kc4 47. Qxb2 Nd4 48. Kf2 Kd3 49. Qc1 Nb3 50. Qe3+ Kc4 51. Qe4+ Kc3 52. Qe5+ Kd2 53. Qe3+ Kd1 54. Qe1# 1-0


[Site "https://www.chess.com"]

[Event "Titled Tuesday Blitz March 14 Late 2023"]
[White "Pakleza, Zbigniew"]
[Black "Golubev, Mikhail"]
[WhiteFideId "1119290"]
[BlackFideId "14100983"]
[WhiteElo "2410"]
[BlackElo "2374"]
[Result "0-1"]
[Round "03"]
[TimeControl "180+1"]
[Date "2023.03.14"]
[WhiteClock "0:00:08"]
[BlackClock "0:00:04"]

1. d4 Nf6 2. Nf3 d6 3. Bf4 Nbd7 4. h3 c5 5. c3 cxd4 6. cxd4 Qb6 7. Qc2 e5 8. dxe5 dxe5 9. Be3 Qa5+ 10. Bd2 Bb4 11. a3 Bxd2+ 12. Qxd2 Qb6 13. Nc3 O-O 14. Rd1 e4 15. Nd4 e3 16. fxe3 Nc5 17. Qc2 Re8 18. b4 Nce4 19. Ncb5 Nd5 20. Rc1 Qf6 21. Nf3 Nxe3 22. Qc7 a6 23. Nbd4 Qg6 24. g4 Be6 25. Qf4 Nd5 26. Qh2 Qf6 27. Bg2 Ne3 28. g5 Qe7 29. Qf4 Nxg2+ 30. Kf1 Nxf4 31. Ne5 Nd5 32. Ng4 Ne3+ 33. Nxe3 Nd6 34. Ng2 Ne4 35. Nf3 Qd6 36. Rd1 Ng3+ 37. Ke1 Qc6 38. Rg1 Qb6 39. e3 Rad8 40. Kf2 Rxd1 41. Rxd1 Ne4+ 42. Kg1 Nc3 43. Nd4 Nxd1 0-1


[Site "https://www.chess.com"]

[Event "Titled Tuesday Blitz March 14 Late 2023"]
[White "Papayan, Oleg"]
[Black "Mendonca, Leon Luke"]
[WhiteFideId "4193911"]
[BlackFideId "35028561"]
[WhiteElo "2153"]
[BlackElo "2464"]
[Result "0-1"]
[Round "03"]
[TimeControl "180+1"]
[Date "2023.03.14"]
[WhiteClock "0:00:02"]
[BlackClock "0:00:31"]

1. e4 c5 2. Nf3 b6 3. b3 Bb7 4. e5 g6 5. Bb2 Bg7 6. Qe2 Nh6 7. Na3 O-O 8. O-O-O d6 9. d4 cxd4 10. exd6 Qxd6 11. Nxd4 Rd8 12. Nab5 Qf4+ 13. Qd2 Qxd2+ 14. Rxd2 Nd7 15. f3 a6 16. Na3 Nc5 17. Nc4 b5 18. Na5 Nf5 19. Nxb7 Nxb7 20. Nxf5 Bxb2+ 21. Kxb2 Rxd2 22. Nxe7+ Kf8 23. Nc6 Rc8 24. Nb4 a5 25. Nd3 Rcxc2+ 26. Kb1 Nd6 27. Nc1 Rb2+ 28. Ka1 b4 0-1


[Site "https://www.chess.com"]

[Event "Titled Tuesday Blitz March 14 Late 2023"]
[White "Paravyan, David"]
[Black "Mahdavi, Reza"]
[WhiteFideId "4194985"]
[BlackFideId "12595926"]
[WhiteElo "2577"]
[BlackElo "2208"]
[Result "1-0"]
[Round "03"]
[TimeControl "180+1"]
[Date "2023.03.14"]
[WhiteClock "0:01:59"]
[BlackClock "0:00:01"]

1. e4 c5 2. Nf3 e6 3. d4 cxd4 4. Nxd4 Nc6 5. Nc3 Qc7 6. Be3 a6 7. Bd3 Nf6 8. Qe2 Bb4 9. O-O O-O 10. f4 d6 11. Nxc6 bxc6 12. Na4 d5 13. e5 Nd7 14. c4 Bb7 15. Rac1 Qa5 16. Qc2 g6 17. a3 Be7 18. b4 Qd8 19. cxd5 exd5 20. Nc5 Nxc5 21. Bxc5 Re8 22. Bd4 f5 23. g4 fxg4 24. Bxg6 Bf8 25. Bxh7+ 1-0


[Site "https://www.chess.com"]

[Event "Titled Tuesday Blitz March 14 Late 2023"]
[White "Piesik, Piotr"]
[Black "Urquhart, Ed"]
[WhiteFideId "1136194"]
[BlackFideId "2603748"]
[WhiteElo "2311"]
[BlackElo "2184"]
[Result "1-0"]
[Round "03"]
[TimeControl "180+1"]
[Date "2023.03.14"]
[WhiteClock "0:00:14"]
[BlackClock "0:00:15"]

1. Nf3 Nf6 2. g3 e6 3. Bg2 d5 4. O-O Be7 5. d3 O-O 6. Nbd2 b6 7. e4 Bb7 8. e5 Nfd7 9. Re1 c5 10. c3 Nc6 11. Nf1 a5 12. h4 b5 13. h5 b4 14. h6 g6 15. c4 dxc4 16. dxc4 Qc7 17. Bf4 Rfd8 18. Qc1 Bf8 19. N1h2 Nd4 20. Nxd4 cxd4 21. Bxb7 Qxb7 22. Bg5 Rdc8 23. b3 a4 24. Qf4 axb3 25. axb3 Rxa1 26. Rxa1 d3 27. Ng4 Ra8 28. Rd1 Nc5 29. Kh2 Ra2 30. Nf6+ Kh8 31. Ne8 Qd7 32. Nd6 Kg8 33. Qf3 Nxb3 34. Rxd3 Nc5 35. Rd4 b3 36. Rf4 Bxd6 37. exd6 b2 38. Qc3 f6 39. Qxf6 Qe8 40. Qg7# 1-0


[Site "https://www.chess.com"]

[Event "Titled Tuesday Blitz March 14 Late 2023"]
[White "Popov, Mikhail"]
[Black "Kornyukov, Alexey"]
[WhiteFideId "4146182"]
[BlackFideId "4150457"]
[WhiteElo "2270"]
[BlackElo "2352"]
[Result "1-0"]
[Round "03"]
[TimeControl "180+1"]
[Date "2023.03.14"]
[WhiteClock "0:00:17"]
[BlackClock "0:00:02"]

1. c4 e6 2. g3 d5 3. Bg2 d4 4. Nf3 c5 5. O-O Nc6 6. e3 Nf6 7. exd4 cxd4 8. d3 Be7 9. a3 a5 10. Re1 O-O 11. Ne5 Qc7 12. Bf4 Bd6 13. Qe2 Nd7 14. Nxc6 bxc6 15. Bxd6 Qxd6 16. Nd2 Rb8 17. Ne4 Qc7 18. c5 Ba6 19. Rac1 Rb3 20. Nd6 Bxd3 21. Qf3 Nb8 22. Qf4 Rxb2 23. Qxd4 Rb3 24. Re3 e5 25. Qxe5 Nd7 26. Qd4 Rxa3 27. Rxd3 Rxd3 28. Qxd3 Rb8 29. Qc4 Ne5 30. Qe4 f6 31. f4 Ng4 32. Qe6+ Kh8 33. Qxg4 1-0


[Site "https://www.chess.com"]

[Event "Titled Tuesday Blitz March 14 Late 2023"]
[White "Pranav, V"]
[Black "Kozin, Yuri"]
[WhiteFideId "25060783"]
[BlackFideId "4129920"]
[WhiteElo "2500"]
[BlackElo "2524"]
[Result "1-0"]
[Round "03"]
[TimeControl "180+1"]
[Date "2023.03.14"]
[WhiteClock "0:01:22"]
[BlackClock "0:00:18"]

1. e4 c5 2. Nf3 e6 3. b3 b6 4. Bb2 Bb7 5. Nc3 Nf6 6. e5 Nd5 7. Bc4 Be7 8. O-O O-O 9. Nxd5 exd5 10. Be2 d4 11. c3 dxc3 12. dxc3 d6 13. Qc2 dxe5 14. Nxe5 Nc6 15. Bf3 Qc7 16. Nc4 Bf6 17. Ne3 Ne7 18. Bxb7 Qxb7 19. Ng4 Nd5 20. Rad1 Bg5 21. Qf5 Nf4 22. f3 h6 23. c4 Rae8 24. g3 Ne2+ 25. Kg2 g6 26. Nf6+ Bxf6 27. Qxf6 Nd4 28. Rxd4 cxd4 29. Bxd4 Re2+ 30. Kh1 1-0


[Site "https://www.chess.com"]

[Event "Titled Tuesday Blitz March 14 Late 2023"]
[White "Priasmoro, Novendra"]
[Black "Gallegos Diaz, Carlos Alberto"]
[WhiteFideId "7105029"]
[BlackFideId "3900886"]
[WhiteElo "2412"]
[BlackElo "2362"]
[Result "1-0"]
[Round "03"]
[TimeControl "180+1"]
[Date "2023.03.14"]
[WhiteClock "0:02:51"]
[BlackClock "0:02:29"]

1. e3 d6 2. Nf3 e5 3. b3 Nd7 4. Bb2 Ngf6 5. d4 e4 6. Nfd2 d5 7. c4 c6 8. Nc3 a6 9. Be2 b5 10. cxd5 cxd5 11. f3 Bb7 12. fxe4 dxe4 13. O-O Bb4 14. a4 Bxc3 15. Bxc3 Nd5 16. Nxe4 Nxe3 17. Qd3 Bxe4 18. Qxe4+ 1-0


[Site "https://www.chess.com"]

[Event "Titled Tuesday Blitz March 14 Late 2023"]
[White "Quinones Garcia, Santiago"]
[Black "Klekowski, Maciej"]
[WhiteFideId "4408497"]
[BlackFideId "1132717"]
[WhiteElo "2263"]
[BlackElo "2540"]
[Result "1-0"]
[Round "03"]
[TimeControl "180+1"]
[Date "2023.03.14"]
[WhiteClock "0:02:05"]
[BlackClock "0:02:12"]

1. d4 Nf6 2. c4 d6 3. Nc3 e5 4. Nf3 Nbd7 5. e4 g6 6. Be2 Bg7 7. O-O O-O 8. Be3 Ng4 9. Bg5 f6 10. Bh4 g5 11. Bg3 Nh6 12. Qd2 g4 13. Nh4 f5 14. Nxf5 Nxf5 15. exf5 exd4 16. Nd5 h5 17. Nf4 Bh6 18. Qxd4 Nc5 19. Nxh5 Rxf5 20. Bxg4 1-0


[Site "https://www.chess.com"]

[Event "Titled Tuesday Blitz March 14 Late 2023"]
[White "Rangel, Daniel"]
[Black "Subelj, Jan"]
[WhiteFideId "2124475"]
[BlackFideId "14618583"]
[WhiteElo "2256"]
[BlackElo "2474"]
[Result "0-1"]
[Round "03"]
[TimeControl "180+1"]
[Date "2023.03.14"]
[WhiteClock "0:00:14"]
[BlackClock "0:00:25"]

1. c4 b6 2. g3 Bb7 3. Nf3 g6 4. Bg2 Bg7 5. O-O c5 6. Nc3 Nc6 7. b3 e6 8. Bb2 Nge7 9. e3 O-O 10. d4 cxd4 11. Nxd4 Rc8 12. Ndb5 a6 13. Nd6 Rc7 14. Nxb7 Rxb7 15. Qd2 b5 16. cxb5 axb5 17. Ne4 Bxb2 18. Qxb2 Nd5 19. Rfd1 Qe7 20. Rxd5 exd5 21. Nf6+ Kh8 22. Nxd7+ f6 23. Nxf8 Qxf8 24. Bxd5 Qd6 25. Bxc6 Qxc6 26. Rc1 Qe6 27. Qc2 Kg7 28. a4 bxa4 29. bxa4 Ra7 30. Ra1 Qe5 31. Qa2 h5 32. h4 g5 33. hxg5 fxg5 34. Rd1 h4 35. Rd5 Qf6 36. g4 Kh6 37. Qd2 Ra6 38. Qd4 Qf8 39. Rf5 Qe7 40. Qh8+ Kg6 41. Qg8+ Kh6 42. a5 Rc6 43. Qh8+ Kg6 44. Qg8+ Kh6 45. Qf8+ Qxf8 46. Rxf8 Rc4 47. f3 Ra4 48. Rf7 Rxa5 49. Rf6+ Kg7 50. Rf5 Ra1+ 51. Kg2 Kg6 52. Re5 Ra2+ 53. Kh3 Rf2 54. Rf5 Re2 55. e4 Rf2 56. e5 Rf1 57. Kg2 Re1 58. Rf6+ Kg7 59. Rf5 Kg6 60. Rf6+ Kg7 61. f4 Re3 62. fxg5 Rxe5 63. Rf5 Re3 64. Kh2 Kg6 65. Ra5 Rg3 66. Rb5 Rxg4 67. Kh3 Rc4 68. Ra5 Kh5 69. Rb5 Rc3+ 70. Kh2 Kg4 71. Rb2 Kxg5 72. Rg2+ Kh5 73. Rg8 Rb3 74. Kg2 h3+ 75. Kh2 Kh4 76. Rh8+ Kg4 77. Rg8+ Kf4 78. Rh8 Rb1 79. Rh4+ Kg5 80. Rxh3 Kg4 81. Rg3+ Kf4 82. Rg2 Rb8 83. Ra2 Rh8+ 84. Kg2 Rg8+ 85. Kf2 Rh8 86. Ra4+ Ke5 87. Rb4 Kd5 88. Rg4 Kd6 89. Rb4 Kd5 90. Rg4 Kd6 91. Ra4 Rh2+ 92. Kg3 Rb2 93. Rg4 Rb3+ 94. Kf4 Rb1 95. Kf3 Kd5 96. Rg5+ Kd4 97. Rg7 Ke5 98. Rg5+ Kf6 99. Rb5 Rxb5 0-1


[Site "https://www.chess.com"]

[Event "Titled Tuesday Blitz March 14 Late 2023"]
[White "Reprintsev, Alexander"]
[Black "Kalajzic, Ivan"]
[WhiteFideId "14100541"]
[BlackFideId "14506378"]
[WhiteElo "2229"]
[BlackElo "2203"]
[Result "1-0"]
[Round "03"]
[TimeControl "180+1"]
[Date "2023.03.14"]
[WhiteClock "0:01:11"]
[BlackClock "0:00:02"]

1. e4 Nc6 2. d4 e5 3. dxe5 Nxe5 4. Nf3 Nxf3+ 5. Qxf3 Qf6 6. Nc3 Bb4 7. Bd2 d6 8. O-O-O Qxf3 9. gxf3 Ne7 10. Rg1 g6 11. f4 Bd7 12. Bc4 Be6 13. Bb5+ c6 14. Be2 O-O-O 15. h4 d5 16. f3 f5 17. a3 Ba5 18. h5 fxe4 19. fxe4 dxe4 20. Nxe4 Bxd2+ 21. Rxd2 Rxd2 22. Kxd2 Rd8+ 23. Bd3 Bf5 24. Ng5 gxh5 25. Rh1 Bg4 26. Nxh7 Nd5 27. f5 Nf4 28. Rf1 Nxd3 29. cxd3 Rh8 30. f6 Rxh7 31. f7 Rxf7 32. Rxf7 Bd7 33. Rh7 Bg4 34. Ke3 a5 35. Kd4 Kb8 36. Kc5 Ka7 37. Rh8 Be2 38. d4 Bf3 39. Rh6 Be2 40. d5 cxd5 41. Kxd5 Bf3+ 42. Kc5 Be2 43. Rh8 b6+ 44. Kc6 Bf3+ 45. Kc7 a4 46. Rh6 b5 47. Rf6 Be2 48. Kc6 Ka6 49. Kc5+ Ka7 50. Re6 1-0


[Site "https://www.chess.com"]

[Event "Titled Tuesday Blitz March 14 Late 2023"]
[White "Rodchenkov, Sergey D."]
[Black "Melkumyan, Hrant"]
[WhiteFideId "4168712"]
[BlackFideId "13302485"]
[WhiteElo "2277"]
[BlackElo "2604"]
[Result "1-0"]
[Round "03"]
[TimeControl "180+1"]
[Date "2023.03.14"]
[WhiteClock "0:00:21"]
[BlackClock "0:01:01"]

1. e4 c6 2. d4 d5 3. exd5 cxd5 4. Bd3 Nf6 5. h3 Nc6 6. c3 g6 7. Nf3 Bf5 8. Ne5 Bg7 9. Bxf5 gxf5 10. Nd3 O-O 11. O-O e6 12. Bf4 Ne7 13. Nd2 Ng6 14. Bh2 Kh8 15. g4 fxg4 16. hxg4 Rg8 17. Qe2 Nd7 18. Bg3 Qf6 19. f4 Qd8 20. Kf2 a5 21. Rh1 Ngf8 22. Nf3 f6 23. Rh5 Ra6 24. Rah1 Qe8 25. f5 Qf7 26. Nf4 exf5 27. gxf5 h6 28. Nh4 Rb6 29. Nhg6+ Nxg6 30. Nxg6+ Kh7 31. Bf4 Nf8 32. Rxh6+ Bxh6 33. Rxh6+ Kg7 34. Qh5 Rxb2+ 35. Kf3 Nxg6 36. fxg6 Qe7 37. Rh7+ 1-0


[Site "https://www.chess.com"]